[Event "*** SCC Grand Prix: Titled Tuesday Blitz"]
[Site "Chess.com"]
[Date "2020.09.08"]
[Round "9"]
[White "Agibileg"]
[Black "MFBerna"]
[Result "1/2-1/2"]
[WhiteElo "2577"]
[BlackElo "2461"]
[TimeControl "180+1"]
[EndTime "11:48:25 PDT"]
[Termination "Game drawn - insufficient material"]

1. d4 Nf6 2. c4 e6 3. Nc3 d5 4.
cxd5 exd5 5. Bg5 Be7 6. e3 c6 7. Qc2 O-O 8. Bd3 Nbd7 9. Nf3 Re8 10. O-O Nf8 11. Rab1 a5 12. h3 Ne4 13. Bf4 Nd6 14. a3 g6 15. b4 axb4 16. axb4 b5 17. Bxd6 Bxd6 18. e4 dxe4 19. Bxe4 Bd7 20. d5 cxd5 21. Bxd5 Rc8 22. Qb3 Ne6 23. Ne4 Be7 24. Rbd1 Qc7 25. Qe3 Red8 26. Qh6 Qf4 27. Qxf4 Nxf4 28. Nc5 Bxc5 29. bxc5 Rxc5 30. Bb3 Rcc8 31. Ng5 Be6 32. Nxe6 Nxe6 33. Bxe6 fxe6 34. Rb1 Rb8 35. Rb4 Rd5 36. Rc1 Rb7 37. g3 Kf7 38. Kg2 h5 39. g4 hxg4 40.
hxg4 e5 41. Rc6 Rd4 42. Rb3 Rxg4+ 43. Kh3 Rf4 44. Kg3 b4 45. Rc5 Kf6 46. Rc6+ Kf5 47. Rc5 Rd7 48. Re3 Re7 49. Rb5 Rg4+ 50. Kf3 Rf4+ 51. Kg3 Rg4+ 52. Kf3 Re6 53. Re2 Rf4+ 54. Kg3 Re4 55. Rb2 Rd6 56. R2xb4 Rxb4 57. Rxb4 Rd4 58.
Rb8 Rd3+ 59. Kg2 g5 60. Rb4 e4 61. Ra4 Kf4 62. Rb4 Rd2 63. Ra4 g4 64. Ra8 e3 65. Rf8+ Kg5 66. Kg3 Rxf2 67. Rxf2 exf2 68. Kxf2 Kf4 69. Kg2 g3 70. Kg1 Kf3 71. Kf1 Kg4 72.
Kg2 Kh4 73. Kg1 Kh3 74. Kh1 Kg4 75. Kg2 Kf4 76. Kg1 Kf3 77. Kf1 g2+ 78. Kg1 Kg4 79. Kh2 Kf4 80. Kxg2 1/2-1/2

[Event "*** SCC Grand Prix: Titled Tuesday Blitz"]
[Site "Chess.com"]
[Date "2020.09.08"]
[Round "9"]
[White "wonderfultime"]
[Black "AlexTriapishko"]
[Result "1-0"]
[WhiteElo "2928"]
[BlackElo "2747"]
[TimeControl "180+1"]
[EndTime "11:48:26 PDT"]
[Termination "wonderfultime won on time"]

1. d4 d5 2. Nf3 c5 3. c3 cxd4 4. cxd4 Nc6 5. Bf4 Nf6 6. e3 Nh5 7. Be5 f6 8. Bg3 g6 9. Nc3 e6 10. Be2 Bd7 11. Rc1 Rc8 12. O-O Nxg3 13. hxg3 Bd6 14. e4 Ne7 15. Qb3 Qb6 16. Bb5 Bxb5 17. Nxb5 Rxc1 18. Rxc1 O-O 19. exd5 Nxd5 20. Nxd6 Qxd6 21.
Qxb7 Qb6 22. Qc6 Rb8 23. b3 Qxc6 24. Rxc6 Nb4 25. Rxe6 Nxa2 26. Rxf6 Rxb3 27. Ra6 Rb1+ 28. Kh2 Nc3 29. Rxa7 Ne4 30. Ra2 Rf1 31. Nd2 Nxd2 32. Rxd2 Kf7 33. d5 Ke7 34. g4 Kd7 35. Kg3 g5 36.
Kf3 Re1 37. Ra2 Kd6 38. Ra6+ Kxd5 39. Ra5+ Ke6 40. Rxg5 Kf6 41. Rh5 Kg6 42. Ra5 Rb1 43. Ra4 Rb3+ 44. Kf4 Rb6 45. f3 Rf6+ 46. Kg3 Rb6 47.
Ra5 h6 48. Kh4 Rb1 49. Ra6+ Kg7 50. Kg3 Rb4 51. Re6 Rb3 52. Kf4 Rb2 53. g3 Rb5 54. Re5 Rb3 55. g5 h5 56. Ra5 Kg6 57.
Ra6+ Kg7 58. Rf6 Rb4+ 59. Ke3 Rb3+ 60. Kf2 Rb2+ 61. Kg1 Rb1+ 62. Kg2 Rb2+ 63. Kh3 Rb1 64. f4 Rb2 65. Rh6 Rb1 66. Rxh5 Kg6 67. Rh6+ Kf5 68. Rf6+ Ke4 69. Kg4 1-0

[Event "*** SCC Grand Prix: Titled Tuesday Blitz"]
[Site "Chess.com"]
[Date "2020.09.08"]
[Round "9"]
[White "Elegance_Riks"]
[Black "awesomevishesh"]
[Result "1/2-1/2"]
[WhiteElo "2604"]
[BlackElo "2419"]
[TimeControl "180+1"]
[EndTime "11:48:30 PDT"]
[Termination "Game drawn by repetition"]

1. d4 Nf6 2. Bg5 g6 3. Nf3 Bg7 4. Nbd2 O-O 5. e4 d6 6. c3 c5 7. dxc5 dxc5 8. Bc4 Nc6 9. O-O Qc7 10. h3 Rd8 11.
Qe2 h6 12. Be3 b6 13. Rfd1 Bb7 14. Ba6 Nd7 15. Bxb7 Qxb7 16. Nc4 b5 17. Ncd2 c4 18. a4 a6 19. Nf1 e6 20. Ng3 Nde5 21. axb5 axb5 22. Nxe5 Nxe5 23. Rxd8+ Rxd8 24. Bd4 Nd3 25. Ra7 Qc6 26. Qf3 Rd7 27. Rxd7 Qxd7 28. Bxg7 Kxg7 29. Kh2 Nxb2 30. e5 Nd3 31. Qf6+ Kg8 32. Ne4 Qc7 33. Nd6 Qd7 34. f4 b4 35. f5 exf5 36. cxb4 c3 37.
Nxf7 Qxf7 38. Qd8+ Qf8 39. Qxd3 Qxb4 40. Qd8+ Kg7 41.
Qd7+ Kg8 42. Qe8+ Kg7 43. Qd7+ Kg8 44. Qc8+ Kg7 45. Qc7+ Kg8 46. e6 c2 47. e7 Kf7 48. Qxc2 Qxe7 49. Qc4+ Qe6 50. Qc7+ Qe7 51. Qc4+ Kg7 52. Qc3+ Kh7 53. Qg3 Qf7 54. Qb8 g5 55. Qd6 Kg7 56. Qb8 Qf6 57. Qc7+ Qf7 58. Qe5+ Kg6 59.
Qc5 Qf6 60. Kh1 f4 61. Qc2+ Qf5 62. Qc6+ Qf6 63. Qe4+ Kg7 64. Qb7+ Qf7 65. Qe4 Qf6 66.
Qb7+ Qf7 67. Qe4 Qf6 1/2-1/2

[Event "*** SCC Grand Prix: Titled Tuesday Blitz"]
[Site "Chess.com"]
[Date "2020.09.08"]
[Round "9"]
[White "bocah_sakit"]
[Black "VerdeNotte"]
[Result "1-0"]
[WhiteElo "2694"]
[BlackElo "2835"]
[TimeControl "180+1"]
[EndTime "11:48:35 PDT"]
[Termination "bocah_sakit won by resignation"]

1. e4 c5 2. Nf3 g6 3. d4 cxd4 4. Qxd4 Nf6 5. Nc3 Nc6 6. Qa4 d6 7. e5 dxe5 8. Nxe5 Bg7 9. Nxc6 bxc6 10. Qxc6+ Bd7 11. Qa6 O-O 12. Be2 Qc7 13. Bf3 Rab8 14. O-O Ng4 15. Bxg4 Bxg4 16. Nd5 Qxc2 17. Nxe7+ Kh8 18.
Qxa7 Ra8 19. Qb6 Rfe8 20. Nd5 Rab8 21. Qc7 Qd3 22. Nf4 Qb5 23. a4 Qb3 24. Ra3 Qb4 25.
Qxf7 Re1 26. Re3 Rxf1+ 27. Kxf1 Rf8 28. Re8 Qd6 29. Rxf8+ Bxf8 30. Bd2 Bg7 31. Qe8+ Qf8 32. Qxf8+ Bxf8 33. a5 Bd7 34. Ke2 Kg7 35. Be3 Bb5+ 36. Kd1 Ba4+ 37. Kc1 Bb5 38. Nd5 Bd6 39. Bd4+ Kf7 40.
Nc3 Ba6 41. g3 Ke6 42. Bb6 Kf5 43. Kd2 Kg4 44. Ke3 Kh3 45. Ne4 Bb4 46. Ng5+ Kxh2 47. Nxh7 Kg2 48. Ng5 Be1 49. Ne4 g5 50. Nxg5 Bxf2+ 51. Ke4 Bxg3 52. Kd5 Kf1 53. Kc6 Ke2 54. b4 Bf4 55.
Ne4 Bd3 56. Nc5 Bf5 57. a6 Bg4 58. a7 Bf3+ 59. Kb5 Ba8 60. Ka6 Kd2 61. Ne6 Be5 62. Bc7 Bc3 63. b5 Bd5 64. Nc5 Bd4 65. Nb7 Kd3 66.
a8=Q Bc4 67. Qd8 Ke3 68. Bb6 Bc5 69. Qd6 Ke2 70. Bxc5 Bxb5+ 71. Kb6 Kf3 72. Qe5 Bd3 73. Qe3+ Kg4 74. Qxd3 Kg5 75. Qd4 1-0

[Event "*** SCC Grand Prix: Titled Tuesday Blitz"]
[Site "Chess.com"]
[Date "2020.09.08"]
[Round "9"]
[White "Sanyura"]
[Black "Alexander_Moskalenko"]
[Result "1/2-1/2"]
[WhiteElo "2580"]
[BlackElo "2802"]
[TimeControl "180+1"]
[EndTime "11:48:35 PDT"]
[Termination "Game drawn - insufficient material"]

1. e4 e6 2. Qe2 c5 3. Nf3 Nc6 4. g3 g6 5. Bg2 Bg7 6. O-O Nge7 7. d3 O-O 8. Nbd2 d5 9. Re1 b6 10. h4 h6 11. Nf1 Ba6 12. exd5 Nxd5 13. Ne3 Nxe3 14.
Bxe3 Bb7 15. Rad1 Qc7 16. c3 Rad8 17. Bf4 Qc8 18. Qe3 Ne7 19. Be5 Nf5 20. Qe2 h5 21. Bxg7 Kxg7 22. Qe5+ Kg8 23. Ng5 Bxg2 24.
Kxg2 Rd5 25. Qf4 Qd8 26. Ne4 Kg7 27. c4 Rxd3 28. Rxd3 Qxd3 29. Qe5+ f6 30. Qxe6 Nd4 31. Qd5 Nc2 32. Rd1 Qxd5 33. Rxd5 Nb4 34. Rd7+ Rf7 35.
Rxf7+ Kxf7 36. a3 Nd3 37. b3 Ke6 38. Kf3 Nc1 39. Nd2 Kf5 40. Ke3 g5 41. Kf3 Nd3 42. Ke3 Ne1 43. Ke2 Nc2 44. Kf3 Nxa3 45. Ne4 g4+ 46. Ke3 Nc2+ 47. Kd3 Nd4 48. Nd6+ Ke6 49. Nc8 Nxb3 50. Nxa7 Nd4 51. Nc8 b5 52. cxb5 Nxb5 53. Nb6 Nd6 54. Na4 Kd5 55. Nc3+ Ke5 56. Ne2 c4+ 57.
Ke3 Nf5+ 58. Kd2 Ke4 59. Nf4 Kf3 60. Nxh5 Kxf2 61. Nxf6 Kxg3 62. Kc3 Nd6 63. h5 Kf4 64. Nxg4 Kxg4 65. h6 Kg5 66. h7 Nf7 67. Kxc4 Nh8 68. Kd5 Kg6 69. Kd6 Kxh7 1/2-1/2

[Event "*** SCC Grand Prix: Titled Tuesday Blitz"]
[Site "Chess.com"]
[Date "2020.09.08"]
[Round "9"]
[White "XiaoKangZhong"]
[Black "nau64"]
[Result "1/2-1/2"]
[WhiteElo "2427"]
[BlackElo "2312"]
[TimeControl "180+1"]
[EndTime "11:48:35 PDT"]
[Termination "Game drawn - insufficient material"]

1. e4 c5 2. c3 d5 3. exd5 Nf6 4. d4 cxd4 5. cxd4 g6 6. Nc3 Bg7 7. Qb3 O-O 8. Nge2 Nbd7 9. Nf4 Nb6 10. Be2 g5 11. Nd3 h6 12. h4 gxh4 13. Nf4 h3 14. gxh3 Bf5 15. Rg1 Kh8 16. Bf3 Qd7 17. a4 Rac8 18.
Be3 Nc4 19. Be2 Nxe3 20. fxe3 Bxh3 21. Nxh3 Qxh3 22. Kd2 Ne8 23. Qxb7 Nd6 24. Qxe7 Nf5 25. Qe4 Rce8 26. Qf3 Rxe3 27. Qxh3 Rxh3 28. Rg2 Nxd4 29. Rag1 Be5 30. Rg4 Rb8 31. Nd1 Rh2 32. R1g2 Rxg2 33. Rxg2 Rc8 34. Nc3 Nb3+ 35. Kd3 Nc5+ 36.
Ke3 Rd8 37. Bc4 Nd7 38. Ke4 f6 39. Kf5 Nb6 40. Bb3 Bxc3 41. bxc3 Nxd5 42. Bxd5 Rxd5+ 43. Kxf6 Rc5 44. Rg3 Ra5 45. Rg4 Rc5 46. c4 Ra5 47. Rd4 Rxa4 48. Kg6 Ra6+ 49. Kf7 Rc6 50. Ke7 Kh7 51. Kd7 Rc5 52. Kd6 Rc8 53. c5 Kg6 54. c6 h5 55. Kd7 Rb8 56. c7 Ra8 57. c8=Q Rxc8 58. Kxc8 Kg5 59. Kd7 h4 60. Ke6 h3 61.
Ke5 h2 62. Rd1 Kg4 63. Ke4 Kg3 64. Rd3+ Kg2 65. Rd2+ Kg3 66. Rd3+ Kg2 67. Kf4 h1=Q 68. Rd2+ Kh3 69. Rd3+ Kh4 70. Ke5 Qa1+ 71. Kf4 Qa4+ 72. Ke3 Qc4 73. Rd4+ Qxd4+ 74. Kxd4 a5 75. Kc5 a4 76.
Kb4 a3 77. Kxa3 1/2-1/2

[Event "*** SCC Grand Prix: Titled Tuesday Blitz"]
[Site "Chess.com"]
[Date "2020.09.08"]
[Round "9"]
[White "blitis"]
[Black "anon569"]
[Result "1-0"]
[WhiteElo "2488"]
[BlackElo "2251"]
[TimeControl "180+1"]
[EndTime "11:48:38 PDT"]
[Termination "blitis won by resignation"]

1. e4 c5 2. Nf3 d6 3. d4 cxd4 4.
Nxd4 Nf6 5. f3 a6 6. c4 g6 7. Nc3 Bg7 8. Be3 O-O 9. Be2 Nc6 10. O-O Ne8 11. Nc2 Nc7 12. Qd2 Bd7 13. Rfd1 Rb8 14. a4 Qc8 15. b4 Ne6 16. Rab1 Ne5 17. Nd5 Re8 18. Nb6 Qc7 19. f4 Nxf4 20. Bxf4 Qxb6+ 21. c5 Qc7 22. Ne3 Bxa4 23. Rdc1 Bc6 24. Nd5 Qd8 25.
h4 e6 26. Nb6 dxc5 27. Qxd8 Rexd8 28. Rxc5 Bxe4 29. Re1 f6 30. Kh2 Bf5 31. Bxe5 fxe5 32. g4 Be4 33. Bc4 Bc6 34. Bxe6+ Kh8 35. h5 e4 36.
hxg6 hxg6 37. Kg3 Bd4 38. Kf4 Rf8+ 39. Kg5 Bxc5 40. bxc5 Kg7 41. Bd7 Rbd8 42. Bxc6 bxc6 43. Rxe4 Rf7 44. Re6 Rd3 45. Rxg6+ Kh7 46. Rh6+ Kg7 47. Rxc6 Kh7 48. Rh6+ Kg7 49. Re6 Rdf3 50. Nc4 Rc3 51.
Re4 a5 52. Ne5 a4 53. Nxf7 Kxf7 54. Rxa4 Rxc5+ 55. Kh6 Rc6+ 56. Kh7 Rc3 57. Rf4+ Ke6 58. g5 Rh3+ 59. Kg7 Rg3 60. g6 Ke7 61. Re4+ Kd7 62.
Kf7 Rf3+ 63. Kg8 Rg3 64. g7 Rg2 65. Rh4 Rf2 66. Kh8 Rg2 67. g8=Q 1-0

[Event "*** SCC Grand Prix: Titled Tuesday Blitz"]
[Site "Chess.com"]
[Date "2020.09.08"]
[Round "9"]
[White "MrrRefrao"]
[Black "peixe64"]
[Result "1-0"]
[WhiteElo "2240"]
[BlackElo "2334"]
[TimeControl "180+1"]
[EndTime "11:48:38 PDT"]
[Termination "MrrRefrao won on time"]

1. e4 e5 2. Nf3 Nc6 3. Bb5 a6 4. Ba4 Nf6 5. d3 b5 6. Bb3 Be7 7. O-O d6 8. a4 b4 9. a5 O-O 10. Nbd2 Nb8 11. Nc4 Nbd7 12. Bd2 Nc5 13. Bxb4 Nxb3 14.
cxb3 Rb8 15. Bc3 Re8 16. h3 Bf8 17. Qc2 Be6 18. Rfc1 c5 19. Nb6 Nd7 20. Nc4 Rb5 21. Bd2 h6 22. Be3 Qb8 23. Nfd2 Qb7 24. f4 f6 25. Rf1 Nb8 26. Nb6 Nc6 27. Ndc4 Be7 28. Ra3 Nxa5 29. Rfa1 Nxc4 30. Nxc4 Ra8 31. Kh2 Kh7 32.
Rf1 Rb8 33. Rfa1 Rxb3 34. Rxa6 Qc7 35. Ra7 R8b7 36. Rxb7 Rxb7 37. Ra2 Rb4 38. f5 Bf7 39. Bd2 Rb7 40. b3 Qb8 41. Ra3 Rb5 42. Bc3 Qb7 43. Qa2 d5 44. Ra7 Qc6 45. Rxe7 dxc4 46. bxc4 Rb7 47.
Rxb7 Qxb7 48. Qb2 Qd7 49. Qd2 Qc6 50. h4 Be8 51. g4 Qb6 52. g5 Qd8 53. g6+ Kg8 54.
Qb2 Qc7 55. h5 Bc6 56. Kg3 Bb7 57. Kf3 Bc8 58. Ke3 Bd7 59. Qa3 Be8 60. Qa6 Qc6 61. Qa7 Qd7 62. Qb8 Qc6 63. Qd8 Kf8 64. Qb8 Qd7 65.
Qb2 Qc6 66. Qa3 Bd7 67. Ba5 Ke7 68. Bc3 Kd6 69. Qa5 Qc7 70. Qxc7+ Kxc7 71. Ba5+ Kc6 72.
Bd8 Kd6 73. Bxf6 1-0

[Event "*** SCC Grand Prix: Titled Tuesday Blitz"]
[Site "Chess.com"]
[Date "2020.09.08"]
[Round "9"]
[White "shnitez"]
[Black "arminmusovic"]
[Result "1-0"]
[WhiteElo "2535"]
[BlackElo "2555"]
[TimeControl "180+1"]
[EndTime "11:48:40 PDT"]
[Termination "shnitez won by checkmate"]

1. c4 e5 2. Nc3 Nf6 3. Nf3 e4 4. Ng5 b5 5. b3 c6 6. Ngxe4 Nxe4 7.
Nxe4 bxc4 8. bxc4 d5 9. cxd5 cxd5 10. Ng3 Bd6 11. Qa4+ Nd7 12. Qc6 Be5 13. Qxa8 Nb6 14.
Qc6+ Bd7 15. Qc5 Bxa1 16. e3 Na4 17. Qb4 Bf6 18. Ba3 a5 19. Qd6 Nb6 20. Nh5 Ba1 21.
d4 Bc3+ 22. Kd1 Ba4+ 23. Kc1 Qxd6 24. Bxd6 Kd7 25. Bc5 Nc4 26. Bxc4 dxc4 27. Nf4 Rb8 28. Ba3 Ba1 29. h4 c3 30. Nd3 Kc6 31. Nc5 Kb5 32. h5 h6 33. Nb3 Bxb3 34. axb3 a4 35. Kc2 axb3+ 36. Kxb3 Ka5+ 37. Kc2 Bb2 38. Bxb2 Rxb2+ 39. Kxc3 Rxf2 40. g4 Rg2 41. Rf1 f6 42. Rf4 Kb5 43.
Kd3 Kc6 44. Ke4 Kd6 45. Kf3 Ra2 46. Rf5 Ke6 47. Rb5 Kf7 48. Rb7+ Kg8 49. Rb6 Ra5 50. Rb8+ Kh7 51. Rb7 Ra1 52. Ke4 Rf1 53. d5 Rd1 54. Rb4 Kg8 55. Rd4 Ra1 56. d6 Ra8 57. d7 Rd8 58.
Kf5 Kf7 59. e4 Ke7 60. Kg6 Kf8 61. Rd3 Kg8 62. Rd4 Kf8 63. Kh7 Kf7 64. Rd3 Kf8 65. Rd2 Kf7 66. Rd1 Kf8 67. Kg6 Kg8 68. Kf5 Kf7 69.
e5 fxe5 70. Kxe5 Ke7 71. Kf5 Kf7 72. Rd2 Ke7 73. Kg6 Kf8 74. Rf2+ Kg8 75. Rf7 Kh8 76.
Rxg7 Ra8 77. Rh7+ Kg8 78. Kxh6 Ra6+ 79. Kg5 Rd6 80. Re7 Rd5+ 81. Kf4 Kf8 82. Re8+ Kg7 83. d8=Q Ra5 84. Qe7+ Kh6 85. Rh8# 1-0

[Event "*** SCC Grand Prix: Titled Tuesday Blitz"]
[Site "Chess.com"]
[Date "2020.09.08"]
[Round "9"]
[White "Konek-Gorbunok"]
[Black "Caterpiller35"]
[Result "0-1"]
[WhiteElo "2331"]
[BlackElo "2453"]
[TimeControl "180+1"]
[EndTime "11:48:40 PDT"]
[Termination "Caterpiller35 won by resignation"]

1. d4 Nf6 2. Nf3 e6 3. c4 b6 4. g3 Ba6 5. Qa4 c6 6. Bg2 b5 7. cxb5 cxb5 8. Qb3 Nc6 9. O-O Qb6 10. e3 Rc8 11.
Rd1 Be7 12. Nc3 d5 13. Ne5 Nxe5 14. dxe5 Nd7 15. e4 dxe4 16. Nxe4 Nxe5 17. Be3 Qb8 18. a4 b4 19. Bf4 O-O 20. Qe3 Nc4 21. Bxb8 Nxe3 22.
fxe3 Rxb8 23. Rd7 Bd8 24. Rxa7 Bd3 25. Rd7 Bxe4 26. Bxe4 Bb6 27. Kf2 Rfd8 28. Rxd8+ Rxd8 29. Ke2 f5 30. Bd3 Kf7 31. a5 Ba7 32. Rc1 Rd7 33. a6 Kf6 34. Bb5 Re7 35. Rc4 g5 36. Rxb4 h5 37. Rc4 g4 38. Bc6 Rc7 39. b4 h4 40. b5 hxg3 41. hxg3 Rh7 42. Rb4 Rh2+ 43. Kd3 Bb6 44. Ra4 Ba7 45. Rb4 Bb6 46. Rc4 Rh3 47.
Ra4 Ba7 48. Rb4 Bb6 49. Ra4 Rxg3 50. a7 Rxe3+ 51. Kd2 Bxa7 52. Rxa7 Rb3 53. Kc2 Rb4 54. Kc3 Rb1 55. Kc2 Rb4 56. Kc3 Rb1 57. Kc4 f4 58. Kc5 f3 59. b6 f2 60. Bg2 e5 61. Kc6 e4 62. Ra2 e3 63. Re2 Rc1+ 64. Kd7 Re1 65. Bf1 Rxf1 66. b7 Rb1 67. Rxe3 f1=Q 68. Kc8 Qf5+ 0-1

[Event "*** SCC Grand Prix: Titled Tuesday Blitz"]
[Site "Chess.com"]
[Date "2020.09.08"]
[Round "9"]
[White "talyamania"]
[Black "DvaHrasta"]
[Result "1/2-1/2"]
[WhiteElo "2345"]
[BlackElo "2459"]
[TimeControl "180+1"]
[EndTime "11:48:42 PDT"]
[Termination "Game drawn by repetition"]

1. e4 c6 2. d4 d5 3. Nd2 dxe4 4. Nxe4 Nf6 5. Nxf6+ exf6 6. c3 Bd6 7. Bd3 O-O 8. Qc2 h6 9. Ne2 Qc7 10. Be3 Re8 11.
O-O-O c5 12. dxc5 Bxc5 13. Nd4 Nc6 14. Rhe1 Bxd4 15. cxd4 Be6 16. d5 Bxd5 17. Bh7+ Kh8 18. Rxd5 Qxh2 19. Rdd1 Qxg2 20. Kb1 Nb4 21. Qb3 Kxh7 22.
Qxb4 Qe4+ 23. Qxe4+ Rxe4 24. Rd7 f5 25. Rxf7 Kg6 26.
Rxb7 f4 27. Rg1+ Kf6 28. Bxa7 g5 29. Rb6+ Kf5 30. Rb5+ Kg6 31. Bb8 Re2 32. Bxf4 Rxf2 33. Bxg5 hxg5 34. Rbxg5+ Kf6 35. Rg6+ Kf5 36. R6g2 Rf3 37. a3 Rb8 38. Ka2 Rbb3 39. Rh1 Rbe3 40. Rh5+ Kf6 41. Rb5 Rh3 42. Rc2 Re6 43. Rbc5 Re1 44.
Rc8 Rhh1 45. Rf8+ Ke7 46. Rf3 Ra1+ 47. Kb3 Rh6 48. Re2+ Kd7 49. Rd3+ Kc7 50. Rc2+ Kb7 51. Rd7+ Ka6 52. Rc4 Rb6+ 53. Ka4 Rxb2 54. Rd6+ Rb6 55.
Rd8 Rg6 56. Ra8+ Kb7 57. Ra5 Ra6 58. Rb4+ Ka7 59. Rxa6+ Kxa6 60. Rh4 Ka7 61. Rh7+ Kb8 62. Kb4 Rb1+ 63. Ka5 Rb2 64. a4 Rb1 65. Ka6 Ka8 66. Rh8+ Rb8 67. Rh5 Rg8 68. a5 Rg6+ 69. Kb5 Rg7 70. Rh6 Ka7 71. Ra6+ Kb7 72. Rd6 Rg5+ 73. Kb4 Rg7 74. Kb5 Rg5+ 75. Kb4 Rg4+ 76. Kb5 Rg5+ 1/2-1/2

[Event "*** SCC Grand Prix: Titled Tuesday Blitz"]
[Site "Chess.com"]
[Date "2020.09.08"]
[Round "9"]
[White "Nara_Kh"]
[Black "chesslh19"]
[Result "0-1"]
[WhiteElo "2358"]
[BlackElo "2212"]
[TimeControl "180+1"]
[EndTime "11:49:05 PDT"]
[Termination "chesslh19 won by resignation"]

1. e4 e5 2. Nf3 Nf6 3. Nc3 Nc6 4. Bb5 Bb4 5. O-O O-O 6. d3 d6 7. Ne2 Ne7 8. c3 Ba5 9. h3 c6 10. Ba4 Re8 11. Ng3 Ng6 12. Bc2 Bb6 13. d4 d5 14.
dxe5 Nxe5 15. exd5 Nxf3+ 16. Qxf3 Qxd5 17. Qxd5 Nxd5 18. Nf5 Bxf5 19. Bxf5 g6 20. Bd3 Rad8 21. Bc4 Bc7 22.
Bg5 Rd6 23. Rad1 Kg7 24. Rfe1 Rxe1+ 25. Rxe1 Re6 26. Rxe6 fxe6 27. g4 Bf4 28. Bxf4 Nxf4 29. Kh2 Kf6 30. Kg3 g5 31. h4 h6 32. hxg5+ hxg5 33. Kf3 Ke5 34. Ke3 Nd5+ 35. Kf3 Nf4 36. Bf1 Nd5 37. Bd3 Nf4 38. Bh7 Nd5 39. Bg8 Nf4 40. Ke3 Nd5+ 41. Kd3 Nf4+ 42. Kc4 Kd6 43. Kd4 Ne2+ 44. Ke4 Nf4 45. b4 b6 46. c4 Ne2 47.
Kd3 Nf4+ 48. Ke3 Ng2+ 49. Ke4 Nf4 50. Bf7 c5 51. b5 Ne2 52. Kd3 Nf4+ 53. Ke3 Ng2+ 54.
Kd3 Nf4+ 55. Kc3 Ne2+ 56. Kd2 Nd4 57. Kd3 Nf3 58. Bg8 Ne5+ 59. Kc3 Nxg4 60. f3 Ne5 61. a4 Nxf3 62. Bh7 Ne5 63. Be4 Nd7 64. Kd3 g4 65. Ke3 Ke5 66. Bc6 Nf6 67. Kf2 Kf4 68.
Kg2 e5 69. Bb7 e4 70. Bc6 e3 71. Bb7 Ne4 72. Kf1 Nc3 73. Bc6 Nxa4 74. Bb7 Nb2 75. Bd5 g3 76. Ke2 g2 77. Bxg2 Nxc4 78. Bc6 Nd6 79. Bd7 Ne4 80. Be6 Nc3+ 81. Kd3 Nxb5 82. Bd5 Nd6 83. Ke2 Ke5 84. Bg8 Kd4 85. Bh7 c4 86. Bc2 b5 87. Bb1 b4 88. Bg6 b3 89.
Bf7 a5 0-1

[Event "*** SCC Grand Prix: Titled Tuesday Blitz"]
[Site "Chess.com"]
[Date "2020.09.08"]
[Round "10"]
[White "saraswathii"]
[Black "SeedToTree"]
[Result "0-1"]
[WhiteElo "2332"]
[BlackElo "2526"]
[TimeControl "180+1"]
[EndTime "11:51:08 PDT"]
[Termination "SeedToTree won by resignation"]

1. e4 e5 2. d3 Nc6 3. Nf3 Nf6 4.
g3 d5 5. exd5 Qxd5 6. Bg2 e4 7.
Nc3 Bb4 8. dxe4 Qxd1+ 9. Kxd1 Bxc3 10. bxc3 Bg4 11. Re1 O-O-O+ 12. Ke2 Nxe4 13. c4 0-1

[Event "*** SCC Grand Prix: Titled Tuesday Blitz"]
[Site "Chess.com"]
[Date "2020.09.08"]
[Round "10"]
[White "VladimirBugayev"]
[Black "MYMChessAcademy"]
[Result "1-0"]
[WhiteElo "2251"]
[BlackElo "2078"]
[TimeControl "180+1"]
[EndTime "11:51:47 PDT"]
[Termination "VladimirBugayev won by checkmate"]

1. e4 c5 2. a3 e6 3. b4 cxb4 4. axb4 Bxb4 5. Bb2 Nf6 6. e5 Nd5 7. c4 Nb6 8. Ra3 Bxa3 9. Bxa3 Nc6 10. Qg4 Rg8 11.
Bd6 Ne7 12. Bd3 g6 13. Nc3 Nf5 14. Bxf5 exf5 15. Qh3 f6 16. Qxh7 Rf8 17. Qxg6+ Rf7 18.
Qg8+ Rf8 19. Qxf8# 1-0

[Event "*** SCC Grand Prix: Titled Tuesday Blitz"]
[Site "Chess.com"]
[Date "2020.09.08"]
[Round "10"]
[White "MFguimaraes"]
[Black "Th3_Hound"]
[Result "0-1"]
[WhiteElo "2408"]
[BlackElo "2581"]
[TimeControl "180+1"]
[EndTime "11:52:14 PDT"]
[Termination "Th3_Hound won by resignation"]

1. e4 e5 2. Nf3 Nc6 3. Bb5 g6 4. d4 exd4 5. Nxd4 Bg7 6. c3 Nge7 7. O-O O-O 8. Bg5 h6 9. Bh4 g5 10. Bg3 Nxd4 11. cxd4 f5 12. Bc4+ d5 13. exd5 f4 14. d6+ Kh8 15. dxe7 Qxe7 16. Nc3 fxg3 17. fxg3 Bf5 18.
Qd2 Rad8 19. d5 Qc5+ 0-1

[Event "*** SCC Grand Prix: Titled Tuesday Blitz"]
[Site "Chess.com"]
[Date "2020.09.08"]
[Round "10"]
[White "K_A_S_T_O_R"]
[Black "AldokhinIvan"]
[Result "1-0"]
[WhiteElo "2749"]
[BlackElo "2571"]
[TimeControl "180+1"]
[EndTime "11:52:20 PDT"]
[Termination "K_A_S_T_O_R won by resignation"]

1. e4 c5 2. Nf3 e6 3. d4 cxd4 4. Nxd4 a6 5. Bd3 Qc7 6. O-O Nf6 7. Qe2 Bd6 8. f4 Bc5 9. c3 Nc6 10. Kh1 Nxd4 11. cxd4 Bxd4 12. Nd2 d5 13. e5 Nd7 14.
Nf3 Ba7 15. Bd2 g6 16. Rac1 Qb6 17. b4 Nb8 18. Rxc8+ Kd7 19. Rxh8 1-0

[Event "*** SCC Grand Prix: Titled Tuesday Blitz"]
[Site "Chess.com"]
[Date "2020.09.08"]
[Round "10"]
[White "Mazetovic"]
[Black "Harsha_Bharathakoti"]
[Result "0-1"]
[WhiteElo "2637"]
[BlackElo "2805"]
[TimeControl "180+1"]
[EndTime "11:52:28 PDT"]
[Termination "Harsha_Bharathakoti won by resignation"]

1. e4 c5 2. Nf3 Nc6 3. Bb5 g6 4. O-O Bg7 5. Re1 e5 6. Bxc6 dxc6 7. d3 Qc7 8. a3 a5 9. Be3 b6 10. Nbd2 Nf6 11. h3 O-O 12. b4 axb4 13. axb4 Rxa1 14. Qxa1 cxb4 15. Nc4 Nd7 16. Rb1 c5 17. c3 bxc3 18.
Qxc3 Ba6 19. Ra1 Ra8 20. Nfd2 Bb7 21. Rxa8+ Bxa8 22. Na3 Bc6 23. Qb3 Qa7 24. Ndc4 Qa4 25. Qb2 b5 26. Nd6 Qd1+ 27. Kh2 Qxd3 28. Naxb5 Bf8 29.
Qd2 Bxb5 30. Nxb5 Qxb5 0-1

[Event "*** SCC Grand Prix: Titled Tuesday Blitz"]
[Site "Chess.com"]
[Date "2020.09.08"]
[Round "10"]
[White "UmarovSabir"]
[Black "jamik13"]
[Result "1-0"]
[WhiteElo "2374"]
[BlackElo "2221"]
[TimeControl "180+1"]
[EndTime "11:52:34 PDT"]
[Termination "UmarovSabir won by resignation"]

1. e4 e5 2. Nf3 Nc6 3. Bc4 Bc5 4. b4 Bxb4 5. c3 Ba5 6. d4 exd4 7. Qb3 Qe7 8. O-O d3 9. Ba3 d6 10. e5 Be6 11.
Qxb7 Nd8 12. Bb5+ c6 13. Bxc6+ Nxc6 14. Qxc6+ 1-0

[Event "*** SCC Grand Prix: Titled Tuesday Blitz"]
[Site "Chess.com"]
[Date "2020.09.08"]
[Round "10"]
[White "BurningggIce"]
[Black "lacafi"]
[Result "0-1"]
[WhiteElo "2277"]
[BlackElo "2162"]
[TimeControl "180+1"]
[EndTime "11:52:49 PDT"]
[Termination "lacafi won by resignation"]

1. d4 f5 2. c4 Nf6 3. Nc3 g6 4. Nf3 Bg7 5. g3 O-O 6. Bg2 d6 7. O-O Nc6 8. d5 Na5 9. Qd3 c5 10. e4 fxe4 11. Nxe4 Nxe4 12. Qxe4 Bf5 13. Qe2 Bg4 14.
h3 Bxf3 15. Bxf3 Nxc4 16. Qxc4 Rxf3 17. Bg5 Rf5 18. Qh4 Bf6 19. Bxf6 exf6 20. Rfe1 Re5 21.
Rxe5 fxe5 22. Qg4 Qe7 23. h4 Rf8 24. Re1 Qf7 25. Re2 Qxd5 26. h5 Kg7 27. Kh2 Rf5 0-1

[Event "*** SCC Grand Prix: Titled Tuesday Blitz"]
[Site "Chess.com"]
[Date "2020.09.08"]
[Round "10"]
[White "ShapkinAnatoliy"]
[Black "LubovMarkelova"]
[Result "1-0"]
[WhiteElo "2644"]
[BlackElo "2249"]
[TimeControl "180+1"]
[EndTime "11:53:09 PDT"]
[Termination "ShapkinAnatoliy won by resignation"]

1. d4 d5 2. c4 c6 3. Nf3 Nf6 4.
cxd5 cxd5 5. Nc3 Nc6 6. Bf4 Bf5 7. e3 e6 8. Qb3 Qb6 9. Qxb6 axb6 10. a3 Be7 11. Rc1 O-O 12. Nd2 Rfc8 13. Be2 Na5 14.
h4 h6 15. f3 Bh7 16. g4 Ne8 17. Kf2 Bd6 18. Bg3 Bxg3+ 19. Kxg3 Nd6 20. Nb5 Nxb5 21.
Bxb5 Kf8 22. Kf4 Ke7 23. g5 hxg5+ 24. hxg5 Bg6 25. e4 dxe4 26. fxe4 Kd8 27. Rh8+ Ke7 28. Rhxc8 Rxc8 29. Rxc8 1-0

[Event "*** SCC Grand Prix: Titled Tuesday Blitz"]
[Site "Chess.com"]
[Date "2020.09.08"]
[Round "10"]
[White "pavlitas17"]
[Black "Butterfly"]
[Result "1/2-1/2"]
[WhiteElo "2370"]
[BlackElo "2487"]
[TimeControl "180+1"]
[EndTime "11:53:22 PDT"]
[Termination "Game drawn by agreement"]

1. d4 Nf6 2. c4 c5 3. d5 b5 4.
cxb5 a6 5. bxa6 d6 6. g3 g6 7.
Bg2 Bg7 8. Nc3 Bxa6 9. Nf3 O-O 10. O-O Nbd7 11. Rb1 Ng4 12. Re1 Nge5 13. Nxe5 Nxe5 14.
Qc2 Qa5 15. b3 Nf3+ 16. Bxf3 Bxc3 17. Rd1 Bb7 18. a4 Rfb8 19. Bd2 Bxd2 20. Rxd2 Bc8 21.
Rdd1 Rb4 22. e4 Rab8 23. Be2 Ba6 24. Bxa6 Qxa6 25. f3 Qb6 26. Kg2 c4 27. a5 Qb7 28.
a6 Qxa6 29. bxc4 Rxb1 30. Rxb1 Rxb1 31. Qxb1 Qxc4 32. Qb8+ Kg7 33. Qb2+ f6 34. Qd2 h5 35. h4 Qb3 1/2-1/2